 Dungeon Crawl Stone Soup version 0.30-a0-3-gc9032a9cac (webtiles) character file.

Game seed: 7479449218647002818

81 BritishOli the Trooper (level 4, 18/35 HPs)
             Began as a Demonspawn Fighter on Aug 20, 2022.
             Got out of the dungeon alive.
             The game lasted 00:01:10 (2038 turns).

BritishOli the Trooper (Demonspawn Fighter)         Turns: 2038, Time: 00:01:11

Health: 18/35      AC:  6    Str: 19    XL:     4   Next: 19%
Magic:  4/4        EV:  9    Int:  9    God:
Gold:   61         SH:  4    Dex: 12    Spells: 3/3 levels left

rFire   . . .      SeeInvis .    a - +0 long sword
rCold   . . .      Faith    .    c - +0 buckler
rNeg    . . .      Spirit   .    b - +0 scale mail
rPois   .          Reflect  .    (no helmet)
rElec   .          Harm     .    (no cloak)
rCorr   .          Rampage  .    (no gloves)
Will    .....                    (no boots)
Stlth   ..........               (no amulet)
HPRegen 0.11/turn                (no ring)
MPRegen 0.18/turn                (no ring)

@: no status effects
A: demonic guardian 1, magic regeneration
a: no special abilities


You escaped.
You visited 1 branch of the dungeon, and saw 3 of its levels.

You collected 61 gold pieces.

Inventory:

Hand Weapons
 a - a +0 long sword (weapon)
Armour
 b - a +0 scale mail (worn)
 c - a +0 buckler (worn)
Jewellery
 l - a ring of fire
Scrolls
 e - a scroll of amnesia {unknown}
 g - 2 scrolls of identify {unknown}
 h - 4 scrolls of poison {unknown}
 k - a scroll of brand weapon {unknown}
Potions
 d - 3 potions of might
 f - a potion of lignification {unknown}
 i - a potion of degeneration {unknown}
 j - 4 potions of curing {unknown}


   Skills:
 + Level 3.5 Fighting
 + Level 2.5 Long Blades
 + Level 3.2 Armour
 + Level 3.2 Shields


You had 3 spell levels left.
You didn't know any spells.
Your spell library contained the following spells:

 Spells                   Type           Power      Damage    Failure   Level
 Apportation              Tloc           0%         N/A       85%         1
 Sublimation of Blood     Necr           0%         N/A       94%         2
 Wereblood                Tmut           0%         N/A       94%         2
 Alistair's Intoxication  Tmut/Pois      0%         N/A       100%        5
 Summon Hydra             Summ           0%         N/A       100%        7


Dungeon Overview and Level Annotations

Branches:
Dungeon (3/15)

Altars:


Innate Abilities, Weirdness & Mutations

A weak demonic guardian rushes to your aid.
You regenerate magic rapidly.


Message History

You feel stronger.
Your demonic ancestry asserts itself...
Your magic begins to regenerate rapidly.
You hit the gnoll but do no damage.
The gnoll is almost dead.
Your quasit bites the gnoll.
The gnoll dies!
Your iron imp struggles against the net.
The net rips apart, and your iron imp comes free!
You swap places.
You see here a +0 whip.
(D) Dungeon
Where to? (Enter - D:3, ? - help)
You see here a +0 whip.
Your quasit disappears in a puff of smoke!
Your iron imp disappears in a puff of smoke!
There is an escape hatch in the floor here.
You see here a +0 dagger.
You see here a +0 robe.
There is a stone staircase leading up here.
You climb upwards.
There is a stone staircase leading down here.
(D) Dungeon
Where to? (Enter - D:2, ? - help)
You see here a +0 cloak.
There is a stone staircase leading up here.
You climb upwards.
There is a stone staircase leading down here.
(D) Dungeon
Where to? (Enter - D:1, ? - help)
Okay, then.
There is a stone staircase leading down here.
There is a fountain of clear blue water here.
You enter the shallow water.
Moving in this stuff is going to be slow.
There is a large open door here.
There is a fountain of clear blue water here.
There is a large open door here.
There is a staircase leading out of the dungeon here.
Are you sure you want to leave the Dungeon?
This will make you lose the game!
You have escaped!

.....~~≈≈≈≈≈~~~≈≈≈~≈≈≈≈≈≈≈~~....#
.....~≈≈≈≈≈≈≈~≈≈≈≈≈≈≈≈≈≈≈≈≈~....#
.....~~≈#+#+#≈≈≈≈≈≈≈#+#+#≈≈~....#
.....~≈≈+(..##+###+##...+≈≈~....#
#....≈≈≈+...+.......'...+≈~~....#
#....~≈≈#'###.#####.###'#≈~~....#
#....~≈≈≈≈'...#...#...#≈~≈~.....#
#....~≈≈≈≈#.###...'.⌠.'≈~~..⌠...#
#....~≈≈≈≈#.###.@.'.⌠.'~≈~..⌠....
#....~≈≈≈≈'...#...#...#≈≈~~......
#....≈≈≈#'###.#####.#'#'#≈~~...#.
#...)≈≈≈+...#.......#...'≈≈~...#.
.....~≈≈+>..##+###'##...'≈≈~.....
.#...~≈≈#+#+#≈≈≈≈≈≈≈#+#'#≈≈~...##
.#...~≈≈≈≈≈≈≈≈≈≈≈≈≈≈≈≈≈≈≈≈≈~...#
.#...~≈≈≈≈≈≈≈≈≈≈≈≈≈≈≈≈≈≈≈≈≈~...#
.#...~~~~~~~≈~~~~~≈~~~~~~≈~~...#


There were no monsters in sight!

Vanquished Creatures
  A gnoll (D:3)
  An adder (D:2)
  3 dart slugs
  2 ball pythons
  5 endoplasms
  2 giant cockroaches
  3 hobgoblins
  A quokka (D:1)
  4 bats
  3 frilled lizards
  5 goblins
  4 kobolds
  3 rats
37 creatures vanquished.

Vanquished Creatures (collateral kills)
  2 gnolls (D:3)
2 creatures vanquished.

Grand Total: 39 creatures vanquished

Notes
Turn   | Place    | Note
-------+----------+-------------------------------------------
     0 | D:1      | BritishOli the Demonspawn Fighter began the quest for the
                  | Orb.
     0 | D:1      | Reached XP level 1. HP: 18/18 MP: 1/1
   292 | D:1      | Gained mutation: A weak demonic guardian rushes to your
                  | aid. [demonic ancestry]
   292 | D:1      | Reached XP level 2. HP: 13/24 MP: 2/2
   510 | D:1      | Found a faded altar of an unknown god.
  1063 | D:2      | Reached XP level 3. HP: 29/29 MP: 3/3
  1920 | D:3      | Gained mutation: You regenerate magic rapidly. [demonic
                  | ancestry]
  1920 | D:3      | Reached XP level 4. HP: 5/35 MP: 4/4
  2038 | D:$      | Got out of the dungeon alive.

Illustrated notes

Levels and vault maps discovered:
D:1:      dpeg_arrival_castle, layout_rooms,
          dreamdust_ecumenical_altar_hidden_monk_grotto
D:2:      layout_loops_ring, kennysheep_generic_room_15
D:3:      layout_loops_ring

Skill      XL: |  1  2 |
---------------+-------+-----
Long Blades    | 2 |  2.5
Shields        | 3 |  3.2
Armour         | 3 |  3.2
Fighting       | |  3.5

Action                   |  1- 3 |  4- 6 || total
-------------------------+-------+-------++-------
Melee: Long sword        |   127 |     1 ||   128
Armor: Scale mail        |    63 |       ||    63
Dodge: Dodged            |    50 |       ||    50
Block: Buckler           |    30 |       ||    30

Table legend: (Time is in decaauts)
 A = Elapsed time spent in this place.
 B = Non-inter-level travel time spent in this place.
 C = Inter-level travel time spent in this place.
 D = Time resting spent in this place.
 E = Time spent auto-exploring this place.
 F = Levels seen in this place.
 G = Mean time per level.
                   A        B        C        D        E       F      G
               +--------+--------+--------+--------+--------+-----+--------+
         Total |   2087 |   1865 |    222 |      0 |   1563 |   3 |  695.7 |
       Dungeon |   2087 |   1865 |    222 |      0 |   1563 |   3 |  695.7 |
               +--------+--------+--------+--------+--------+-----+--------+

Top non-repeatable levels by time:
     D:1: 927 daAuts
     D:2: 703 daAuts
     D:3: 456 daAuts
